 Dungeon Crawl Stone Soup version 0.21-a0-270-g8204059 (webtiles) character file.

1 HAL9000 the Ruffian (level 1, -4/16 HPs)
             Began as a Draconian Transmuter on Sept 13, 2017.
             Slain by a kobold
             ... wielding a +0 club
              (7 damage)
             ... on level 1 of the Dungeon.
             The game lasted 00:00:21 (31 turns).

HAL9000 the Ruffian (Draconian Transmuter)            Turns: 31, Time: 00:00:22

Health: -4/16      AC:  4    Str: 12    XL:     1   Next: 16%
Magic:  2/3        EV: 12    Int: 13    God:
Gold:   12         SH:  0    Dex: 11    Spells: 3/4 levels left

rFire    . . .     SeeInvis .     - Unarmed
rCold    . . .     Gourm    .   (no shield)
rNeg     . . .     Faith    .   (armour unavailable)
rPois    .         Spirit   .   (helmet restricted)
rElec    .         Reflect  .   (no cloak)
rCorr    .         Harm     .   (no gloves)
MR       .....                  (boots currently unavailable)
Stlth    +.........             (no amulet)
HPRegen  0.05/turn              (no ring)
MPRegen  0.08/turn              (no ring)

@: appendage (expiring)
A: unfitting armour, talons 3, cold-blooded, AC +4
a: End Transformation


You were on level 1 of the Dungeon.
You were not hungry.
You had grown temporary talons.
You visited 1 branch of the dungeon, and saw 1 of its levels.

You collected 12 gold pieces.

Inventory:

Missiles
 a - 12 arrows
Armour
 f - a +0 cloak
Scrolls
 d - a scroll of noise {unknown}
 e - a scroll of enchant weapon {unknown}
Books
 b - a book of Changes

   Spells                             Type                      Level
   a - Beastly Appendage              Transmutation                1
   b - Sticks to Snakes               Transmutation                2
   c - Spider Form                    Transmutation/Poison         3
   d - Ice Form                       Ice/Transmutation            4
   e - Blade Hands                    Transmutation                5
Comestibles
 c - a bread ration


   Skills:
 - Level 1.1 Fighting
 - Level 1.7 Dodging
 + Level 3.0 Unarmed Combat
 - Level 2.0 Spellcasting
 + Level 2.0 Transmutations


You had 3 spell levels left.
You knew the following spells:

 Your Spells              Type           Power        Failure   Level  Hunger
a - Beastly Appendage     Tmut           #.....       11%         1    ##.....


Dungeon Overview and Level Annotations

Branches:
Dungeon (1/15)

Altars:


Innate Abilities, Weirdness & Mutations

Your plain brown scales are hard. (AC +4)
You cannot fit into any form of body armour.
You are cold-blooded and may be slowed by cold attacks.
You have claws for feet.


Message History

Confirm with . or Enter, or press ? or * to list all spells.
Your feet morph into talons.
The kobold hits you but does no damage.
You hit the kobold but do no damage. The kobold closely misses you.
The kobold hits you with a club.
You hit the kobold but do no damage. Your kick misses the kobold.
The kobold closely misses you.
You hit the kobold but do no damage. You claw the kobold, but do no damage.
The kobold misses you.
The kobold hits you with a short sword of protection.
You closely miss the kobold.
The kobold hits you with a short sword of protection.
* * * LOW HITPOINT WARNING * * *
The kobold closely misses you.
You hit the kobold but do no damage. Your kick misses the kobold.
Your transformation is almost over.
The kobold hits you but does no damage. x2
You hit the kobold.
You kill the kobold!
The kobold hits you with a club!
You die...

.............# .
.....##.... .
..###...##..##
........#.##...###
..........(((....#
....####[.#..(...#
...#.........##..#
?.........)K.###.#
#.#.......@......#
#..#####(....###.#
.#.#####....## ..
#...<......# ..
#.#####..### ...
#..# ...# ....#
...#


You could see a kobold.

Vanquished Creatures
  A kobold (D:1)
1 creature vanquished.

Notes
Turn   | Place    | Note
-------+----------+-------------------------------------------
     0 | D:1      | HAL9000 the Draconian Transmuter began the quest for the Orb.
     0 | D:1      | Reached XP level 1. HP: 16/16 MP: 3/3
    31 | D:1      | Slain by a kobold

Vault maps used:
D:1:      dpeg_arrival_tiny_j

Action                   || total
-------------------------++-------
Melee: Unarmed           ||     6
       Kick              ||     1
 Cast: Beastly Appendage ||     1
Armor: Skin              ||     4
Dodge: Dodged            ||     8

Table legend:
 A = Spawn XP
 B = Non-spawn XP
 C = Spawn XP percentage of total XP
 D = Spawn monster count
 E = Non-spawn monster count
 F = Spawn count percentage of total count
 G = Total turns spent on level
                    A         B        C        D         E        F      G
               +---------+---------+-------+---------+---------+-------+---------
         Total |       0 |       2 |   0.0 |       0 |       1 |   0.0 |    31
               +---------+---------+-------+---------+---------+-------+---------
           D:1 |       0 |       2 |   0.0 |       0 |       1 |   0.0 |    31
               +---------+---------+-------+---------+---------+-------+---------
